 Dungeon Crawl Stone Soup version 0.32-a0-699-g1ee5eff69a (webtiles) character file.

Game seed: 14076262752794229

49 sleeves the Sneak (level 3, 0/26 HPs)
             Began as an Armataur Hedge Wizard on Mar 13, 2024.
             Slain by a gnoll
             ... wielding a +0 whip
              (8 damage)
             ... on level 1 of the Dungeon.
             The game lasted 00:03:20 (1873 turns).

sleeves the Sneak (Armataur Hedge Wizard)           Turns: 1873, Time: 00:03:21

Health: 0/26       AC:  4    Str: 15    XL:     3   Next: 53%
Magic:  1/7        EV:  8    Int: 16    God:
Gold:   75         SH:  0    Dex:  9    Spells: 7/8 levels left

rFire   . . .        a - +0 dagger
rCold   . . .        (no shield)
rNeg    . . .        b - +0 robe
rPois   .            c - +0 hat
rElec   .            (no cloak)
rCorr   .            (no gloves)
SInv    .            (no barding)
Will    .....        (no amulet)
Stlth   ++           (no ring)
HPRegen 0.24/turn    (no ring)
MPRegen 0.10/turn

%: roll
@: no status effects
A: large, deformed body, tough skin 3, armoured tail, rollpage 1
a: no special abilities


You were on level 1 of the Dungeon.
You visited 1 branch of the dungeon, and saw 2 of its levels.

You collected 130 gold pieces.
You spent 55 gold pieces at shops.

Inventory:

Hand Weapons
 a - a +0 dagger (weapon)
Armour
 b - a +0 robe (worn)
 c - a +0 hat (worn)
 j - a +0 buckler
   (You found it on level 2 of the Dungeon)
 m - a +0 cloak
   (You found it on level 2 of the Dungeon)
Magical Staves
 h - a staff of cold
   (You found it on level 1 of the Dungeon)
Jewellery
 f - a ring of flight
   (You found it on level 1 of the Dungeon)
Scrolls
 i - 3 scrolls of teleportation
 k - a scroll of fear
 l - a scroll of identify
Potions
 d - a potion of magic
 g - a potion of cancellation {unknown}


   Skills:
 - Level 1.3 Dodging
 + Level 3.3 Stealth
 + Level 3.1 Spellcasting
 + Level 1.8 Conjurations
 - Level 0.7 Summonings
 - Level 1.0 Translocations


You had 7 spell levels left.
You knew the following spells:

 Your Spells              Type           Power      Damage    Failure   Level
a - Magic Dart            Conj           32%        1d4       9%          1

Your spell library contained the following spells:

 Spells                   Type           Power      Damage    Failure   Level
 Slow                     Hex            8%         N/A       19%         1
 Blink                    Tloc           10%        N/A       19%         2
 Call Imp                 Summ           8%         N/A       21%         2
 Cigotuvi's Dreadful Rot  Necr/Alch/Air  4%         N/A       28%         2
 Mephitic Cloud           Conj/Alch/Air  4%         N/A       41%         3
 Frozen Ramparts          Ice            4%         1d1       50%         3
 Ozocubu's Armour         Ice            2%         N/A       50%         3
 Metabolic Englaciation   Hex/Ice        1%         N/A       99%         5


Dungeon Overview and Level Annotations

Branches:
Dungeon (2/15)

Altars:

Shops:
D:2 *


Innate Abilities, Weirdness & Mutations

Armour fits poorly on your strangely shaped body.
You have extremely tough skin. (AC +3)
You have a long armoured tail.
You regenerate magic when rolling toward enemies. (Rampage MPRegen)


Message History

Welcome, sleeves the Armataur Hedge Wizard.
Are you destined to find the marvelous Orb of Zot, or to die trying?
Press ? for a list of commands and other information.
Found a staircase leading out of the dungeon.
Okay, then.
Unknown command.
You enter the shallow water.
You now have 8 gold pieces.
You enter the shallow water.
A hobgoblin comes into view.
A hobgoblin is nearby!
A hobgoblin is nearby!
You miscast Magic Dart.
You are very lightly contaminated with residual magic.
Nothing appears to happen.
The magic dart hits the hobgoblin.
The hobgoblin is lightly wounded.
The magic dart hits the hobgoblin.
The hobgoblin is heavily wounded.
The magic dart hits the hobgoblin but does no damage.
The hobgoblin is heavily wounded.
* * * LOW MAGIC WARNING * * *
You are out of magic!
You are out of magic!
You roll towards the hobgoblin!
You hit the hobgoblin.
You kill the hobgoblin!
No target in view!
No target in view!
No target in view!
Your magical contamination has completely faded away.
Magic restored.
A rat comes into view.
A rat is nearby!
A rat is nearby!
A rat is nearby!
The magic dart hits the rat.
The rat is severely wounded.
The rat squeaks loudly.
The magic dart hits the rat.
You kill the rat!
Your Conjurations skill increases to level 1!
You can't see any susceptible monsters within range! (Use Z to cast anyway.)
You can't see any susceptible monsters within range! (Use Z to cast anyway.)
A dart slug comes into view.
A dart slug is nearby!
A dart slug is nearby!
A dart slug is nearby!
A dart slug is nearby!
A dart slug is nearby!
You miscast Magic Dart.
You are very lightly contaminated with residual magic.
Nothing appears to happen.
The magic dart hits the dart slug.
The dart slug is moderately wounded.
The magic dart hits the dart slug.
The dart slug is heavily wounded.
* * * LOW MAGIC WARNING * * *
You are out of magic!
You are out of magic!
A dart slug is nearby!
You roll towards the dart slug!
Found a bubbling golden potion.
You roll towards the dart slug!
You hit the dart slug. You tail-slap the dart slug.
You kill the dart slug!
No target in view!
No target in view!
No target in view!
Your magical contamination has completely faded away.
e - a bubbling golden potion
Found a stone staircase leading down.
A giant cockroach comes into view.
A giant cockroach is nearby!
The magic dart hits the giant cockroach.
The giant cockroach is moderately wounded.
The magic dart hits the giant cockroach.
The giant cockroach is severely wounded.
The magic dart hits the giant cockroach but does no damage.
The giant cockroach is severely wounded.
You miscast Magic Dart.
You are very lightly contaminated with residual magic.
Nothing appears to happen.
* * * LOW MAGIC WARNING * * *
You roll towards the giant cockroach!
You hit the giant cockroach but do no damage.
The giant cockroach is severely wounded.
The giant cockroach bites you but does no damage.
You closely miss the giant cockroach.
The giant cockroach is severely wounded.
The giant cockroach closely misses you.
You hit the giant cockroach but do no damage.
The giant cockroach is severely wounded.
The giant cockroach misses you.
You hit the giant cockroach but do no damage.
The giant cockroach is severely wounded.
The giant cockroach bites you but does no damage.
A giant cockroach is nearby!
A giant cockroach is nearby!
You hit the giant cockroach but do no damage.
The giant cockroach is severely wounded.
The giant cockroach bites you but does no damage.
The giant cockroach barely misses you.
You hit the giant cockroach but do no damage.
You tail-slap the giant cockroach.
You kill the giant cockroach!
Your magical contamination has completely faded away.
No target in view!
No target in view!
A kobold comes into view. It is wielding a +0 dagger.
The kobold shouts!
You hear a shout!
A kobold is nearby!
A kobold is nearby!
A kobold is nearby!
The magic dart hits the kobold.
The kobold is heavily wounded.
You miscast Magic Dart.
You are very lightly contaminated with residual magic.
Nothing appears to happen.
Found a hand axe.
The kobold hits you but does no damage.
You closely miss the kobold.
The kobold is heavily wounded.
The kobold hits you but does no damage.
You hit the kobold but do no damage. You tail-slap the kobold.
You kill the kobold!
No target in view!
No target in view!
Your magical contamination has completely faded away.
A ball python comes into view.
A ball python is nearby!
The magic dart hits the ball python.
You kill the ball python!
You have reached level 2!
You see here a +0 dagger.
f - a ring of flight You open the door.
There is an open door here.
A hobgoblin comes into view.
A hobgoblin is nearby!
A hobgoblin is nearby!
The magic dart hits the hobgoblin.
The hobgoblin is moderately wounded.
You miscast Magic Dart.
You are very lightly contaminated with residual magic.
Nothing appears to happen.
The magic dart hits the hobgoblin.
You kill the hobgoblin!
No target in view!
Your magical contamination has completely faded away.
A ball python comes into view.
A ball python is nearby!
A ball python is nearby!
The magic dart hits the ball python.
You kill the ball python!
You can't see any susceptible monsters within range! (Use Z to cast anyway.)
You can't see any susceptible monsters within range! (Use Z to cast anyway.)
You see here a ball python corpse.
Found a stone staircase leading down.
There is a stone staircase leading down here.
You open the door.
A ball python comes into view.
There is an open door here.
A ball python is nearby!
The magic dart hits the ball python.
The ball python is moderately wounded.
The ball python hisses angrily.
The magic dart hits the ball python.
You kill the ball python!
You can't see any susceptible monsters within range! (Use Z to cast anyway.)
A hobgoblin comes into view.
A hobgoblin is nearby!
A hobgoblin is nearby!
The magic dart hits the hobgoblin but does no damage.
The hobgoblin shouts!
The magic dart hits the hobgoblin but does no damage.
The magic dart hits the hobgoblin.
The hobgoblin is heavily wounded.
The magic dart hits the hobgoblin.
The hobgoblin is severely wounded.
A hobgoblin is nearby!
A hobgoblin is nearby!
You roll towards the hobgoblin!
Found 5 gold pieces.
A hobgoblin comes into view.
The hobgoblin hits you but does no damage.
The hobgoblin shouts!
You hit the hobgoblin but do no damage.
The hobgoblin is severely wounded.
The hobgoblin hits you but does no damage.
You closely miss the hobgoblin.
The hobgoblin is severely wounded.
The hobgoblin hits you but does no damage.
You hit the hobgoblin but do no damage.
The hobgoblin is severely wounded.
The hobgoblin hits you.
You hit the hobgoblin but do no damage.
The hobgoblin is severely wounded.
The hobgoblin barely misses you.
You barely miss the hobgoblin. You tail-slap the hobgoblin.
You kill the hobgoblin!
You hit the hobgoblin.
The hobgoblin is moderately wounded.
The hobgoblin hits you.
You closely miss the hobgoblin.
The hobgoblin is moderately wounded.
The hobgoblin hits you but does no damage.
You closely miss the hobgoblin.
Your tail-slap misses the hobgoblin.
The hobgoblin is moderately wounded.
The hobgoblin closely misses you.
You hit the hobgoblin.
The hobgoblin is severely wounded.
The hobgoblin hits you.
You closely miss the hobgoblin.
The hobgoblin is severely wounded.
The hobgoblin hits you but does no damage.
The magic dart hits the hobgoblin but does no damage.
The hobgoblin is severely wounded.
The hobgoblin hits you but does no damage.
The magic dart hits the hobgoblin.
You kill the hobgoblin!
No target in view!
No target in view!
No target in view!
HP restored.
You see here a hobgoblin corpse.
You now have 13 gold pieces (gained 5).
You open the door.
There is an open door here.
There is an open door here.
A quokka comes into view.
A quokka is nearby!
A quokka is nearby!
The magic dart hits the quokka but does no damage.
You miscast Magic Dart.
You are very lightly contaminated with residual magic.
Nothing appears to happen.
The magic dart hits the quokka.
The quokka is heavily wounded.
The magic dart hits the quokka.
The quokka is severely wounded.
The magic dart hits the quokka.
You kill the quokka!
* * * LOW MAGIC WARNING * * *
Your magical contamination has completely faded away.
A hobgoblin comes into view.
A hobgoblin is nearby!
A hobgoblin is nearby!
A hobgoblin is nearby!
The magic dart hits the hobgoblin.
The hobgoblin is severely wounded.
The hobgoblin shouts!
You hear an angry hiss.
You can't see any susceptible monsters within range! (Use Z to cast anyway.)
You can't see any susceptible monsters within range! (Use Z to cast anyway.)
A frilled lizard comes into view.
A frilled lizard is nearby!
A frilled lizard is nearby!
A frilled lizard is nearby!
The magic dart hits the frilled lizard.
You kill the frilled lizard!
The magic dart hits the hobgoblin.
You kill the hobgoblin!
You can't see any susceptible monsters within range! (Use Z to cast anyway.)
You now have 25 gold pieces (gained 12).
g - an inky potion A dart slug comes into view.
Found 16 gold pieces.
A dart slug is nearby!
A dart slug is nearby!
The magic dart hits the dart slug but does no damage.
You miscast Magic Dart.
You are very lightly contaminated with residual magic.
Nothing appears to happen.
The dart slug launches a dart at you. The slug dart misses you.
The magic dart hits the dart slug.
The dart slug is lightly wounded.
The magic dart hits the dart slug.
The dart slug is heavily wounded.
You can't see any susceptible monsters within range! (Use Z to cast anyway.)
A dart slug is nearby!
A dart slug is nearby!
A dart slug is nearby!
The magic dart hits the dart slug.
The dart slug is severely wounded.
* * * LOW MAGIC WARNING * * *
The dart slug barely misses you.
You hit the dart slug.
The dart slug is almost dead.
You barely miss the dart slug.
The dart slug is almost dead.
The dart slug bites you but does no damage.
Your magical contamination has completely faded away.
You hit the dart slug but do no damage. You tail-slap the dart slug.
You kill the dart slug!
Your Spellcasting skill increases to level 3!
No target in view!
No target in view!
You now have 41 gold pieces (gained 16).
You now have 48 gold pieces (gained 7).
An endoplasm comes into view.
Found a crooked smoking staff.
The endoplasm quivers.
An endoplasm is nearby!
An endoplasm is nearby!
An endoplasm is nearby!
The magic dart hits the endoplasm.
The endoplasm is lightly wounded.
The magic dart hits the endoplasm.
The endoplasm is moderately wounded.
The magic dart hits the endoplasm.
The endoplasm is almost dead.
You miscast Magic Dart.
You are very lightly contaminated with residual magic.
Nothing appears to happen.
The magic dart hits the endoplasm.
You kill the endoplasm!
Your magical contamination has completely faded away.
You see here a staff of cold.
h - a staff of cold As you open the door, it creaks loudly!
There is an open door here.
There is an open door here.
You open the door. 3 jackals and a bat come into view.
The jackal barks! x3; You hear a bark!
There are monsters nearby!
There are monsters nearby!
The magic dart hits the jackal.
The jackal is moderately wounded.
A jackal comes into view.
The jackal barely misses you.
The magic dart hits the jackal.
The jackal is heavily wounded.
The jackal barks!
The jackal closely misses you.
The magic dart hits the jackal.
You kill the jackal!
The bat misses you.
The magic dart hits the jackal.
The jackal is heavily wounded.
The jackal bites you but does no damage.
You miscast Magic Dart.
You are very lightly contaminated with residual magic.
Nothing appears to happen.
The jackal completely misses you.
You miscast Magic Dart.
Nothing appears to happen.
* * * LOW MAGIC WARNING * * *
The jackal bites you but does no damage.
The jackal barely misses you.
You are out of magic!
You are out of magic!
You are out of magic!
You hit the jackal. You tail-slap the jackal.
You kill the jackal!
The bat barely misses you.
You roll towards the jackal!
Found a flux talisman.
You barely miss the jackal. You tail-slap the jackal.
The jackal is heavily wounded.
The bat barely misses you. The jackal bites you.
The jackal bites you but does no damage.
The jackal closely misses you.
The jackal bites you but does no damage.
You hit the jackal.
Your tail-slap misses the jackal.
The jackal is severely wounded.
The bat hits you but does no damage. The jackal bites you.
The jackal bites you but does no damage.
You hit the jackal but do no damage. You tail-slap the jackal.
You kill the jackal!
The bat barely misses you. The jackal barely misses you.
Your Stealth skill increases to level 3!
You hit the jackal but do no damage.
Your tail-slap misses the jackal.
The jackal bites you but does no damage.
The bat barely misses you. The jackal bites you.
You hit the jackal.
The jackal is severely wounded.
The bat closely misses you. The jackal barely misses you.
You barely miss the jackal.
The jackal is severely wounded.
The jackal bites you but does no damage.
The bat completely misses you.
The jackal bites you but does no damage.
You barely miss the jackal.
The jackal is severely wounded.
The bat completely misses you. The jackal bites you.
You hit the jackal.
You kill the jackal!
The bat hits you but does no damage.
You roll towards the bat!
You closely miss the bat. The bat closely misses you.
You miss the bat. The bat hits you but does no damage.
You hit the bat but do no damage. The bat closely misses you.
The bat hits you but does no damage.
Your magical contamination has completely faded away.
The bat hits you.
You see here a jackal corpse.
You hit the bat.
The bat is moderately wounded.
The bat barely misses you. The bat hits you.
You are too injured to fight recklessly!
You are too injured to fight recklessly!
You are too injured to fight recklessly!
You are too injured to fight recklessly!
You are too injured to fight recklessly!
You are too injured to fight recklessly!
You are too injured to fight recklessly!
You are too injured to fight recklessly!
You are too injured to fight recklessly!
You are too injured to fight recklessly!
You are too injured to fight recklessly!
You are too injured to fight recklessly!
You are too injured to fight recklessly!
You are too injured to fight recklessly!
You are too injured to fight recklessly!
You are too injured to fight recklessly!
You are too injured to fight recklessly!
You are too injured to fight recklessly!
You are too injured to fight recklessly!
You are too injured to fight recklessly!
You are too injured to fight recklessly!
You are too injured to fight recklessly!
You are too injured to fight recklessly!
You closely miss the bat.
Your tail-slap misses the bat.
The bat is moderately wounded.
The bat hits you.
You roll towards the bat!
You hit the bat.
The bat is severely wounded.
The bat barely misses you. The bat hits you but does no damage.
The bat closely misses you.
You are too injured to fight recklessly!
You are too injured to fight recklessly!
You closely miss the bat.
The bat is severely wounded.
The bat barely misses you.
You are too injured to fight recklessly!
You are too injured to fight recklessly!
You are too injured to fight recklessly!
You are too injured to fight recklessly!
You are too injured to fight recklessly!
You completely miss the bat.
The bat is severely wounded.
The bat hits you but does no damage. The bat misses you.
You hit the bat but do no damage.
The bat is moderately wounded.
The bat barely misses you.
You closely miss the bat.
The bat is moderately wounded.
The bat hits you but does no damage.
You hit the bat.
Your tail-slap misses the bat.
The bat is severely wounded.
The bat hits you.
You are too injured to fight recklessly!
You are too injured to fight recklessly!
Casting: Magic Dart (safe; 11% risk of failure)
Confirm with . or Enter, or press ? or * to list all spells.
Aiming: Magic Dart (safe; 11% risk of failure)
Press: ? - help, Shift-Dir - straight line, f - bat
Aim: a bat (severely wounded, 100% to hit)
The magic dart hits the bat.
You kill the bat!
Found a stone staircase leading down.
An endoplasm comes into view.
Found 19 gold pieces.
An endoplasm is nearby!
An endoplasm is nearby!
The magic dart hits the endoplasm.
The endoplasm is moderately wounded.
The endoplasm quivers.
The magic dart hits the endoplasm but does no damage.
The endoplasm is moderately wounded.
You miscast Magic Dart.
You are very lightly contaminated with residual magic.
Nothing appears to happen.
The magic dart hits the endoplasm.
The endoplasm is almost dead.
The magic dart hits the endoplasm.
You kill the endoplasm!
You have reached level 3!
Your experience leads to an increase in your attributes!
Increase (S)trength, (I)ntelligence, or (D)exterity?
You feel clever. x2
Your magical contamination has completely faded away.
A goblin comes into view. It is wielding a +0 dagger.
A goblin is nearby!
A goblin is nearby!
A goblin is nearby!
You miscast Magic Dart.
You are very lightly contaminated with residual magic.
Nothing appears to happen.
The magic dart hits the goblin.
The goblin is severely wounded.
The goblin shouts!
The magic dart hits the goblin.
You kill the goblin!
You can't see any susceptible monsters within range! (Use Z to cast anyway.)
Your magical contamination has completely faded away.
i - a scroll labelled TEIWKOKHIOGG You now have 67 gold pieces (gained 19).
You open the door.
There is an open door here.
There is a stone staircase leading down here.
An endoplasm comes into view.
An endoplasm is nearby!
An endoplasm is nearby!
The magic dart hits the endoplasm.
The endoplasm is severely wounded.
The endoplasm quivers.
The magic dart hits the endoplasm.
You kill the endoplasm!
You can't see any susceptible monsters within range! (Use Z to cast anyway.)
A rat comes into view.
The rat squeaks loudly.
A rat is nearby!
A rat is nearby!
The magic dart hits the rat.
The rat is severely wounded.
The magic dart hits the rat.
You kill the rat!
You can't see any susceptible monsters within range! (Use Z to cast anyway.)
A kobold comes into view. It is wielding a +0 short sword.
A kobold is nearby!
A kobold is nearby!
A kobold is nearby!
A kobold is nearby!
The magic dart hits the kobold.
The kobold is severely wounded.
The kobold shouts!
You miscast Magic Dart.
You are very lightly contaminated with residual magic.
Nothing appears to happen.
The magic dart hits the kobold but does no damage.
The kobold is severely wounded.
The magic dart hits the kobold.
You kill the kobold!
Your magical contamination has completely faded away.
Things that are here:
a +0 short sword; a kobold corpse You see here a rat corpse.
You open the door.
There is an open door here.
You see here a +0 dagger.
There is an open door here.
You see here a hobgoblin skeleton.
A goblin comes into view. It is wielding a +0 club.
The goblin shouts!
A goblin comes into view. It is wielding a +0 dagger.
There are monsters nearby!
There are monsters nearby!
There are monsters nearby!
The magic dart hits the goblin.
The goblin is moderately wounded.
The goblin shouts!
The magic dart hits the goblin.
The goblin is severely wounded.
The magic dart hits the goblin.
You kill the goblin!
The magic dart hits the goblin.
The goblin is severely wounded.
The magic dart hits the goblin.
You kill the goblin!
You can't see any susceptible monsters within range! (Use Z to cast anyway.)
You can't see any susceptible monsters within range! (Use Z to cast anyway.)
Things that are here:
a +0 dagger; a goblin corpse
Things that are here:
a +0 club; a goblin corpse
Found a short sword.
You see here a +0 short sword.
Done exploring.
Done exploring.
Done exploring.
Done exploring.
A kobold comes into view. It is wielding a +0 club.
The kobold shouts!
A kobold is nearby!
A kobold is nearby!
A kobold is nearby!
The magic dart hits the kobold.
You kill the kobold!
You can't see any susceptible monsters within range! (Use Z to cast anyway.)
You can't see any susceptible monsters within range! (Use Z to cast anyway.) Done exploring.
Done exploring.
Done exploring.
Done exploring.
There is a stone staircase leading down here.
You climb downwards.
Found 12 gold pieces.
There is a stone staircase leading up here.
Found a stone staircase leading down.
You now have 79 gold pieces (gained 12).
A quokka comes into view.
A quokka is nearby!
A quokka is nearby!
The magic dart hits the quokka.
The quokka is heavily wounded.
You miscast Magic Dart.
You are very lightly contaminated with residual magic.
Nothing appears to happen.
The magic dart hits the quokka but does no damage.
The quokka is heavily wounded.
The magic dart hits the quokka.
You kill the quokka!
Your magical contamination has completely faded away.
Magic restored.
You see here a quokka corpse.
Found an escape hatch in the ceiling.
Found a buckler.
You now have 84 gold pieces (gained 5).
You now have 91 gold pieces (gained 7).
You see here a +0 buckler.
You pick up a book of Winter and begin reading...
You add the spells Frozen Ramparts, Ozocubu's Armour and Metabolic Englaciation to your library.
You see here a +0 buckler.
j - a +0 buckler
Okay, then.
Found a stone staircase leading up.
A hobgoblin comes into view.
Found a pair of boots.
A hobgoblin is nearby!
A hobgoblin is nearby!
The magic dart hits the hobgoblin.
The hobgoblin is moderately wounded.
The hobgoblin shouts!
You hear a shout!
The magic dart hits the hobgoblin.
The hobgoblin is severely wounded.
The magic dart hits the hobgoblin.
You kill the hobgoblin!
A goblin comes into view. It is wielding a +0 dagger.
The magic dart hits the goblin.
The goblin is moderately wounded.
A goblin is nearby!
A goblin is nearby!
A goblin is nearby!
The magic dart hits the goblin.
You kill the goblin!
You can't see any susceptible monsters within range! (Use Z to cast anyway.)
You can't see any susceptible monsters within range! (Use Z to cast anyway.)
You can't see any susceptible monsters within range! (Use Z to cast anyway.)
You see here a hobgoblin corpse.
Found a robe.
i - 2 scrolls labelled TEIWKOKHIOGG (gained 1)
k - a scroll labelled CUOSKUZ TEPSI You see here a +0 pair of boots.
Found a stone staircase leading down.
l - a scroll labelled XUCAELISIR You now have 103 gold pieces (gained 12).
A rat comes into view.
A rat is nearby!
A rat is nearby!
The magic dart hits the rat but does no damage.
The rat squeaks loudly.
The magic dart hits the rat.
The rat is moderately wounded.
The magic dart hits the rat.
You kill the rat!
You can't see any susceptible monsters within range! (Use Z to cast anyway.)
Found Xoirphaw's General Store.
Found a stone staircase leading up.
There is an entrance to Xoirphaw's General Store here.
l - 2 scrolls of identify (gained 1)
i - 3 scrolls of teleportation (gained 1) Thank you for shopping at Xoirphaw's General Store!
You can access your shopping list by pressing '$'.
Found an escape hatch in the floor.
Found 5 stones.
You now have enough gold to buy a potion of heal wounds on this level.
You can access your shopping list by pressing '$'.
You now have 55 gold pieces (gained 7).
There is an escape hatch in the floor here.
You now have 58 gold pieces (gained 3).
m - a +0 cloak A goblin comes into view.
It is wielding a +0 club.
A goblin is nearby!
A goblin is nearby!
A goblin is nearby!
The magic dart hits the goblin.
You kill the goblin!
You can't see any susceptible monsters within range! (Use Z to cast anyway.)
You can't see any susceptible monsters within range! (Use Z to cast anyway.)
You can't see any susceptible monsters within range! (Use Z to cast anyway.)
A hobgoblin comes into view.
A hobgoblin is nearby!
A hobgoblin is nearby!
The magic dart hits the hobgoblin but does no damage.
The hobgoblin shouts!
You hear a shout!
A hobgoblin comes into view.
The magic dart hits the hobgoblin.
The hobgoblin is almost dead.
The magic dart hits the hobgoblin but does no damage.
The hobgoblin is almost dead.
A hobgoblin is nearby!
A hobgoblin is nearby!
The magic dart hits the hobgoblin.
You kill the hobgoblin!
The magic dart hits the hobgoblin.
The hobgoblin is moderately wounded.
A hobgoblin is nearby!
The magic dart hits the hobgoblin but does no damage.
The hobgoblin is moderately wounded.
A hobgoblin is nearby!
The magic dart hits the hobgoblin.
The hobgoblin is almost dead.
* * * LOW MAGIC WARNING * * *
A kobold comes into view. It is wielding a +0 short sword.
You are out of magic!
The kobold shouts!
You hit the hobgoblin.
You kill the hobgoblin!
No target in view!
No target in view!
No target in view!
A kobold is nearby!
A kobold is nearby!
No target in view!
No target in view!
No target in view!
You can't see any susceptible monsters within range! (Use Z to cast anyway.)
A kobold is nearby!
The kobold hits you with a +0 short sword.
You hit the kobold but do no damage. You tail-slap the kobold.
You kill the kobold!
No target in view!
HP restored.
You now have 66 gold pieces (gained 8).
Things that are here:
a +0 club; a +0 sling; a goblin corpse
Things that are here:
a +0 short sword; a kobold corpse
Things that are here:
a +0 short sword; a kobold corpse
Found a stone staircase leading down.
There is a stone staircase leading down here.
Found a robe.
l - 3 scrolls of identify (gained 1)
Found 5 stones.
Found a chain mail.
As you read the scroll of identify, it crumbles to dust.
k - a scroll of fear
As you read the scroll of identify, it crumbles to dust.
e - a potion of degeneration You now have 75 gold pieces (gained 9).
A ribbon worm comes into view.
A ribbon worm is nearby!
A ribbon worm is nearby!
You drop a potion of degeneration.
The magic dart hits the ribbon worm.
The ribbon worm is lightly wounded.
The magic dart hits the ribbon worm.
The ribbon worm is lightly wounded.
The ribbon worm expels a string of sticky webbing.
The stream of webbing hits you but does no damage.
You are caught in a web!
The magic dart hits the ribbon worm.
The ribbon worm is moderately wounded.
The magic dart hits the ribbon worm but does no damage.
The ribbon worm is lightly wounded.
The magic dart hits the ribbon worm but does no damage.
The ribbon worm is lightly wounded.
The magic dart hits the ribbon worm.
The ribbon worm is lightly wounded.
The magic dart hits the ribbon worm.
The ribbon worm is lightly wounded.
* * * LOW MAGIC WARNING * * *
You are out of magic!
You are caught in a web!
You are caught in a web!
You are caught in a web!
You struggle to detach yourself from the web.
The ribbon worm barely misses you.
The web tears apart.
The ribbon worm misses you.
You hit the ribbon worm.
The ribbon worm is lightly wounded.
The ribbon worm expels a string of sticky webbing.
The stream of webbing hits you but does no damage.
You are caught in a web!
The web tears apart.
You hit the ribbon worm but do no damage.
Your tail-slap misses the ribbon worm.
The ribbon worm is lightly wounded.
The ribbon worm bites you.
You barely miss the ribbon worm. You tail-slap the ribbon worm!
The ribbon worm is heavily wounded.
The ribbon worm bites you.
You hit the ribbon worm.
The ribbon worm is heavily wounded.
The ribbon worm bites you.
You hit the ribbon worm.
Your tail-slap misses the ribbon worm.
The ribbon worm is heavily wounded.
The ribbon worm bites you.
* * * LOW HITPOINT WARNING * * *
The ribbon worm expels a string of sticky webbing.
The stream of webbing hits you but does no damage.
You are caught in a web!
There is a web here.
The web tears apart.
The ribbon worm expels a string of sticky webbing.
The stream of webbing hits you but does no damage.
You are caught in a web!
You struggle to detach yourself from the web.
The web tears apart.
The ribbon worm expels a string of sticky webbing.
The stream of webbing hits you but does no damage.
You are caught in a web!
There is a web here.
The web tears apart.
There is an escape hatch in the ceiling here.
A mysterious force pulls you upwards. The hatch slams shut behind you.
Things that are here:
a +0 short sword; a kobold skeleton
There is a stone staircase leading down here.
You climb downwards.
There is a stone staircase leading up here.
HP restored.
Magic restored.
Found a ring mail.
A quokka comes into view.
The quokka moves out of view.
A quokka is nearby!
The magic dart hits the quokka.
The quokka is lightly wounded.
The magic dart hits the quokka but does no damage.
The quokka is lightly wounded.
The quokka bites you but does no damage.
The quokka bites you.
The magic dart hits the quokka.
The quokka is heavily wounded.
The quokka bites you but does no damage.
The magic dart hits the quokka.
The quokka is almost dead.
The quokka bites you.
The magic dart hits the quokka.
You kill the quokka!
You can't see any susceptible monsters within range! (Use Z to cast anyway.)
There is a stone staircase leading down here.
A gnoll comes into view. It is wielding a +0 whip.
A gnoll is nearby!
A gnoll is nearby!
A gnoll is nearby!
The magic dart hits the gnoll but does no damage.
The gnoll shouts!
The magic dart hits the gnoll.
The gnoll is moderately wounded.
You miscast Magic Dart.
You are very lightly contaminated with residual magic.
Nothing appears to happen.
A gnoll comes into view. It is wielding a +0 whip.
The magic dart hits the gnoll.
The gnoll is heavily wounded.
The gnoll shouts!
A gnoll comes into view. It is wielding a +0 whip.
Your magical contamination has completely faded away.
The magic dart hits the gnoll.
The gnoll is almost dead.
The magic dart hits the gnoll but does no damage.
The gnoll is almost dead.
The magic dart hits the gnoll.
The gnoll is almost dead.
The gnoll hits you with a +0 whip.
The magic dart hits the gnoll but does no damage.
The gnoll is almost dead.
* * * LOW MAGIC WARNING * * *
You closely miss the gnoll.
The gnoll is almost dead.
The gnoll barely misses you.
You closely miss the gnoll.
The gnoll is almost dead.
The gnoll hits you with a +0 whip!
* * * LOW HITPOINT WARNING * * *
The gnoll hits you with a +0 whip.
* * * LOW HITPOINT WARNING * * *
The gnoll attacks as it pursues you! The gnoll barely misses you.
There is a stone staircase leading up here.
The gnoll completely misses you.
You climb upwards.
There is a stone staircase leading down here.
The gnoll attacks as it pursues you! The gnoll hits you with a +0 whip.
* * * LOW HITPOINT WARNING * * *
The gnoll attacks as it pursues you! The gnoll hits you with a +0 whip!
You die...

#............#
#............##########
#............'.........
#............##########
#..^.......).#####....#
#............##........
#............##.##.....
#............##.##.....
#.....@......##.##.....
####.....g......##..'.....
#...............#####.....
#.##......>.....# #.....
#.##............#######.#.
#.##.#####...#####......#.
#######.##.# #.#+#####......#.
#%......##.# #..............#.
#.......##.#####...........##.##


You could see a gnoll.

Vanquished Creatures
  2 dart slugs (D:1)
  3 endoplasms (D:1)
  A giant cockroach (D:1)
  5 goblins
  8 hobgoblins
  4 jackals (D:1)
  4 kobolds
  3 quokkas
  3 ball pythons (D:1)
  A bat (D:1)
  A frilled lizard (D:1)
  3 rats
38 creatures vanquished.

Notes
Turn   | Place    | Note
-------+----------+-------------------------------------------
     0 | D:1      | sleeves the Armataur Hedge Wizard began the quest for the
                  | Orb.
     0 | D:1      | Reached XP level 1. HP: 14/14 MP: 4/4
    59 | D:1      | Reached skill level 1 in Conjurations
   144 | D:1      | Reached XP level 2. HP: 20/20 MP: 2/5
   494 | D:1      | Reached skill level 3 in Spellcasting
   703 | D:1      | Reached skill level 3 in Stealth
   772 | D:1      | Reached XP level 3. HP: 26/26 MP: 1/7
  1451 | D:2      | Found Xoirphaw's General Store.
  1460 | D:2      | Bought a scroll of identify for 22 gold pieces
  1460 | D:2      | Bought a scroll of teleportation for 33 gold pieces
  1671 | D:2      | HP: 13/26 [ribbon worm (3)]
  1864 | D:2      | HP: 13/26 [gnoll/+0 whip (7)]
  1871 | D:1      | HP: 7/26 [gnoll/+0 whip (4)]
  1873 | D:1      | Slain by a gnoll

Illustrated notes

Levels and vault maps discovered:
D:1:      reono_arrival_forest_river, layout_basic, serial_glass,
          glass_columns_c, glass_columns_a
D:2:      layout_rooms, serial_shops, nicolae_shop_crystal

Skill      XL: |  1  2 |
---------------+-------+-----
Conjurations   | 1 |  1.8
Spellcasting   | 3 |  3.1
Stealth        | 3 |  3.3
Dodging        | |  1.3
Summonings     | |  0.7
Translocations | |  1.0

Action                     || total
---------------------------++-------
  Melee: Dagger            ||    52
         Tailslap          ||    10
   Cast: Magic Dart        ||   100
    Use: Scroll            ||     2
 Armour: Robe              ||    52
  Dodge: Dodged            ||    35

Table legend: (Time is in decaauts)
 A = Elapsed time spent in this place.
 B = Non-inter-level travel time spent in this place.
 C = Inter-level travel time spent in this place.
 D = Time resting spent in this place.
 E = Time spent auto-exploring this place.
 F = Levels seen in this place.
 G = Mean time per level.
                   A        B        C        D        E       F      G
               +--------+--------+--------+--------+--------+-----+--------+
         Total |   1873 |   1813 |     60 |      0 |   1526 |   2 |  936.5 |
       Dungeon |   1873 |   1813 |     60 |      0 |   1526 |   2 |  936.5 |
               +--------+--------+--------+--------+--------+-----+--------+

Top non-repeatable levels by time:
     D:1: 1270 daAuts
     D:2: 603 daAuts
